 Dungeon Crawl Stone Soup version 0.32-a0-360-gcd93b57ba1 (webtiles) character file.

Game seed: 4448525673470328478

4 Goblin1989 the Trooper (level 1, 0/18 HPs)
             Began as a Coglin Monk on Feb 18, 2024.
             Frozen to death by an endoplasm (4 damage)
             ... on level 1 of the Dungeon.
             The game lasted 00:00:24 (165 turns).

Goblin1989 the Trooper (Coglin Monk)                 Turns: 165, Time: 00:00:25

Health: 0/18       AC:  2    Str: 11    XL:     1   Next: 70%
Magic:  1/1        EV: 13    Int:  9    God:
Gold:   11         SH:  0    Dex: 16    Spells: 0/0 levels left

rFire   . . .        a - +0 mace {Marisol}
rCold   . . .        d - orb {light}
rNeg    . . .        b - +0 robe
rPois   .            (no helmet)
rElec   .            (no cloak)
rCorr   .            (no gloves)
SInv    .            (no boots)
Will    .....        (no amulet)
Stlth   +            (no ring)
HPRegen 0.23/turn    (no ring)
MPRegen 0.07/turn

%: no passive effects
@: glowing, revved, stiff-legged, very slow
A: off-hand wielding, slow wielding, warmup strikes, warmup strides
a: no special abilities


You were on level 1 of the Dungeon.
You visited 1 branch of the dungeon, and saw 1 of its levels.

You collected 11 gold pieces.

Inventory:

Hand Weapons
 a - a +0 mace (weapon) {Marisol}
Armour
 b - a +0 robe (worn)
 d - an orb of light (worn)
Scrolls
 e - a scroll of vulnerability {unknown}
Potions
 c - a potion of ambrosia


   Skills:
 - Level 3.0 Fighting
 + Level 3.0 Maces & Flails
 - Level 2.6 Dodging


You couldn't memorise any spells.
You didn't know any spells.
Your spell library was empty.

Dungeon Overview and Level Annotations

Branches:
Dungeon (1/15) Zot: 5822

Altars:


Innate Abilities, Weirdness & Mutations

You can wield a second weapon in your off-hand.
It takes a long time for you to wield or remove held weapons.
Your first few attacks do less damage.
Your first movements take longer.


Message History

e - a scroll labelled USEEVUYCOO Health restored: 18 A rat comes into view.
A rat is nearby!
The rat barely misses you.
You barely miss the rat. The rat misses you.
You hit the rat.
You kill the rat!
Your Maces & Flails skill increases to level 3!
No target in view!
No target in view!
No target in view!
No target in view!
No target in view!
No target in view!
No target in view!
No target in view!
No target in view!
No target in view!
No target in view!
No target in view!
No target in view!
No target in view!
No target in view!
You see here a rat corpse.
A kobold and a hobgoblin come into view.
The kobold shouts!
The hobgoblin shouts!
There are monsters nearby!
There are monsters nearby!
An endoplasm comes into view.
The kobold throws a stone.
The stone hits you.
You take 1 damage, and have 17/18 hp.
Found a club.
The kobold throws a stone.
The stone hits you but does no damage.
Health restored: 18 The endoplasm quivers.
The hobgoblin misses you.
The kobold throws a stone.
The stone hits you but does no damage.
You barely miss the hobgoblin. The hobgoblin hits you.
The hobgoblin closely misses you.
You take 1 damage, and have 17/18 hp.
You hit the hobgoblin.
The hobgoblin is heavily wounded.
The hobgoblin barely misses you. The endoplasm hits you.
The kobold throws a stone.
The stone hits you but does no damage.
You take 3 damage, and have 14/18 hp.
You hit the hobgoblin.
The hobgoblin is severely wounded.
The endoplasm hits you. The hobgoblin misses you.
You take 1 damage, and have 13/18 hp.
You barely miss the hobgoblin.
The hobgoblin is severely wounded.
The endoplasm misses you. The hobgoblin hits you.
The kobold hits you with a +0 short sword.
* * * LOW HITPOINT WARNING * * *
You are too injured to fight recklessly!
You take 6 damage, and have 7/18 hp.
MASSIVE DAMAGE!!
You are too injured to fight recklessly!
You are too injured to fight recklessly!
You are too injured to fight recklessly!
You are too injured to fight recklessly!
You are too injured to fight recklessly!
You are too injured to fight recklessly!
You are too injured to fight recklessly!
You are too injured to fight recklessly!
You are too injured to fight recklessly!
You are too injured to fight recklessly!
You are too injured to fight recklessly!
You are too injured to fight recklessly!
You are too injured to fight recklessly!
You are too injured to fight recklessly!
You are too injured to fight recklessly!
You are too injured to fight recklessly!
You are too injured to fight recklessly!
You are too injured to fight recklessly!
You are too injured to fight recklessly!
You are too injured to fight recklessly!
You are too injured to fight recklessly!
You are too injured to fight recklessly!
You are too injured to fight recklessly!
You are too injured to fight recklessly!
You are too injured to fight recklessly!
You are too injured to fight recklessly!
You are too injured to fight recklessly!
You are too injured to fight recklessly!
You are too injured to fight recklessly!
There are monsters nearby!
The kobold hits you but does no damage.
The hobgoblin attacks as it pursues you!
The hobgoblin hits you.
* * * LOW HITPOINT WARNING * * *
The endoplasm barely misses you. The kobold completely misses you.
The hobgoblin closely misses you.
You take 4 damage, and have 3/18 hp.
MASSIVE DAMAGE!!
The endoplasm attacks as it pursues you!
The endoplasm barely misses you.
You hit the endoplasm but do no damage.
The endoplasm hits you but does no damage.
The endoplasm freezes you.
You are frozen.
You die... █.███..██ ██ .██████.██..██ ███████

█
.......†...██.██.....██.
.██████.█..█.██.█████.██
█....▲.█.██.≈.██.█
███..█.█.█.███.█.█
█..█.█.█.█<█.█≈█
█████..█.█.█.∆██.█.█
█..@JK.█≈█.█∆...██.█
█.███g.█.█∆.█████.██ █
██..██.██.....██.
█....██.███████.█
█......██.......██
.)........█████████
██............
████....█..██ ██......█


You could see an endoplasm, a hobgoblin and a kobold.

Vanquished Creatures
  An endoplasm (D:1)
  2 rats (D:1)
3 creatures vanquished.

Notes
Turn   | Place    | Note
-------+----------+-------------------------------------------
     0 | D:1      | Goblin1989 the Coglin Monk began the quest for the Orb.
     0 | D:1      | Reached XP level 1. HP: 18/18 MP: 1/1
   165 | D:1      | Frozen to death by an endoplasm

Illustrated notes

Levels and vault maps discovered:
D:1:      evilmike_arrival_rings, layout_loops_corners,
          hangedman_decor_diamond_cutter

Skill      XL: |  1 |
---------------+----+-----
Maces & Flails | 3 |  3.0
Fighting       | |  3.0
Dodging        | |  2.6

Action                     || total
---------------------------++-------
  Melee: Mace              ||    12
 Armour: Robe              ||    12
  Dodge: Dodged            ||    14

Table legend: (Time is in decaauts)
 A = Elapsed time spent in this place.
 B = Non-inter-level travel time spent in this place.
 C = Inter-level travel time spent in this place.
 D = Time resting spent in this place.
 E = Time spent auto-exploring this place.
 F = Levels seen in this place.
 G = Mean time per level.
                   A        B        C        D        E       F      G
               +--------+--------+--------+--------+--------+-----+--------+
         Total |    176 |    176 |      0 |      0 |    134 |   1 |  176.0 |
       Dungeon |    176 |    176 |      0 |      0 |    134 |   1 |  176.0 |
               +--------+--------+--------+--------+--------+-----+--------+

Top non-repeatable levels by time:
     D:1: 176 daAuts
